 Dungeon Crawl Stone Soup version 0.32-a0-13-gbaedc5810e (console) character file.

Game seed: 9287787844544650265

340 Ignak the Magician (level 6, 0/66 HPs)
             Began as a Gnoll Hedge Wizard on Jan 15, 2024.
             Slain by a hornet (2 damage)
             ... on level 4 of the Dungeon.
             The game lasted 00:12:17 (4236 turns).

Ignak the Magician (Gnoll Hedge Wizard)             Turns: 4236, Time: 00:12:17

Health: 0/66       AC: 23    Str:  8    XL:     6   Next: 56%
Magic:  14/16      EV:  2    Int: 19    God:
Gold:   238        SH:  0    Dex: 11    Spells: 0/19 levels left

rFire   . . .        n - +2 dagger (protect)
rCold   . . .        (no shield)
rNeg    . . .        b - melded +0 robe
rPois   +            c - melded +0 hat
rElec   .            p - melded +2 cloak
rCorr   .            o - melded +0 pair of gloves
SInv    +            (boots currently unavailable)
Will    +....        (no amulet)
Stlth   +++          (no ring)
HPRegen 0.31/turn    (no ring)
MPRegen 0.15/turn

%: clarity
@: lethally poisoned (0 -> -5), tree-form, slowed, very slow
A: stationary, stasis, torment immunity, boosted hp, (fangs 1), strong nose,
distributed training, (horns 1), see invisible, clarity, clever 1, strong-willed
1, screaming 1
a: no special abilities


You were on level 4 of the Dungeon.
You were a tree.
You visited 1 branch of the dungeon, and saw 5 of its levels.

You collected 238 gold pieces.

Inventory:

Hand Weapons
 n - a +2 dagger of protection (weapon)
Missiles
 j - 11 poisoned darts (quivered)
Armour
 b - a +0 robe (melded)
 c - a +0 hat (melded)
 k - a +0 ring mail
 o - a +0 pair of gloves (melded)
 p - a +2 cloak (melded)
Wands
 e - a wand of polymorph (9)
Scrolls
 f - a scroll of teleportation
 g - a scroll of amnesia {unknown}
 l - a scroll of vulnerability
 m - a scroll of enchant armour
 q - a scroll of identify
 r - a scroll of enchant weapon {unknown}
Potions
 a - a potion of lignification
 d - a potion of magic
 h - 2 potions of mutation
 i - a potion of heal wounds {unknown}


   Skills:
 + Level 2.1 Fighting
 + Level 2.1 Short Blades
 + Level 2.1 Long Blades
 + Level 2.1 Axes
 + Level 2.1 Maces & Flails
 + Level 2.1 Polearms
 + Level 2.1 Staves
 + Level 2.1 Ranged Weapons
 + Level 2.1 Throwing
 + Level 2.1 Armour
 + Level 5.0 Dodging
 + Level 4.7 Stealth
 + Level 2.1 Shields
 + Level 2.1 Unarmed Combat
 + Level 7.4 Spellcasting
 + Level 2.7 Conjurations
 + Level 1.6 Hexes
 + Level 2.7 Summonings
 + Level 1.6 Necromancy
 + Level 2.7 Translocations
 + Level 1.6 Fire Magic
 + Level 1.6 Ice Magic
 + Level 1.6 Air Magic
 + Level 1.6 Earth Magic
 + Level 1.6 Alchemy
 + Level 2.3 Invocations
 + Level 2.1 Evocations
 + Level 1.9 Shapeshifting


You couldn't memorise any spells.
You knew the following spells:

 Your Spells              Type           Power      Damage    Failure   Level
a - Magic Dart            Conj           68%        1d6       3%          1
b - Blink                 Tloc           34%        N/A       4%          2
c - Sting                 Conj/Alch      60%        1d6       3%          1
d - Mephitic Cloud        Conj/Alch/Air  14%        N/A       13%         3
e - Summon Lightning Spi  Summ/Air       15%        N/A       36%         4
f - Searing Ray           Conj           34%        2d5       4%          2
g - Call Imp              Summ           34%        N/A       4%          2
h - Airstrike             Air            6%         2d(1-17)  43%         4

Your spell library contained the following spells:

 Spells                   Type           Power      Damage    Failure   Level
 Apportation              Tloc           34%        N/A       3%          1
 Summon Small Mammal      Summ           68%        N/A       3%          1
 Necrotise                Necr           52%        1d6       4%          1
 Slow                     Hex            52%        N/A       4%          1
 Static Discharge         Conj/Air       30%        3-5/arc   6%          2
 Cigotuvi's Dreadful Rot  Necr/Alch/Air  26%        N/A       8%          2
 Fulminant Prism          Conj/Alch      7%         3d7       36%         4


Dungeon Overview and Level Annotations

Branches:
Dungeon (5/15)
 Temple: D:4-7

Altars:
Makhleb
Nemelex Xobeh
Vehumet


Innate Abilities, Weirdness & Mutations

You are a tree.
Your roots penetrate the ground, keeping you stationary.
You cannot be teleported.
You are immune to unholy pain and torment.
Your maximum health is greatly increased.
Your equipment is partially melded.
((You have very sharp teeth.))
Your uncanny sense of smell can sniff out nearby items.
Your experience applies equally to all skills.
((You have a pair of small horns on your head.))
You have supernaturally acute eyesight. (SInv)
You possess an exceptional clarity of mind.
Your mind is acute. (Int +4, Str/Dex -1)
You are strong-willed. (Will+)
You occasionally shout uncontrollably at your foes.


Message History

A hornet is nearby!
Casting: Call Imp (safe; 4% risk of failure)
Confirm with . or Enter, or press ? or * to list all spells.
Aiming: Mephitic Cloud (dangerous; 13% risk of failure)
Press: ? - help, Shift-Dir - straight line, f - hornet
Aim: a hornet (chance to affect: 72%)
The ball explodes into a vile cloud!
The stinking cloud engulfs the hornet.
The hornet is engulfed in noxious fumes. x2
Unknown command.
The hornet stings you.
You feel yourself slow down.
You miss the hornet. Your headbutt misses the hornet.
You feel yourself speed up. The hornet stings you!
You suddenly lose the ability to move!
The hornet stings you!
You shrug off the repeated paralysis!
The hornet stings you.
You feel yourself slow down. The hornet stings you.
You are poisoned.
You feel as though you will be slow longer.
You can move again.
* * * LOW HITPOINT WARNING * * *
You feel very sick. The hornet stings you.
* * * LOW HITPOINT WARNING * * *
You feel as though you will be slow longer.
The dart slug launches a dart at you. The slug dart misses you.
There is a stone staircase leading down here.
Casting: Mephitic Cloud (dangerous; 13% risk of failure)
Confirm with . or Enter, or press ? or * to list all spells.
You don't know that spell.
Okay, then.
Okay, then.
It was a potion of lignification.
You turn into a tree.
Your +2 cloak melds into your body.
Your +0 hat melds into your body.
Your +0 pair of gloves melds into your body.
Your +0 robe melds into your body.
Your roots penetrate the ground.
* * * LOW HITPOINT WARNING * * *
You feel very sick.
The hornet stings you but does no damage.
The hornet stings you.
You die...

#####.##.#.# #........#.#
#.###.##.#.# #.#....#.#.#
#.#.####.#.# +#
#.#.####.#.##### .#
#.#......#.....#
5###############.############.#
rw.........r....♣# #.#
.###+######w....y# #.# ......#
#......###### #.# ......#
#....○.☼....# #.# ......#
#....§○.....# #.# ......#
#.....○.....#### #.# #.....###
#..............# #.#
........#######.#######.# #.#
.....##.........#.....#.## #.#


You could see a hornet, a dart slug and a quokka.

Vanquished Creatures
  A howler monkey (D:3)
  A hound (D:2)
  Jessica (D:2)
  Terence (D:2)
  4 adders
  3 gnolls
  2 ribbon worms (D:4)
  An orc (D:3)
  2 bats
  10 endoplasms
  A giant cockroach (D:1)
  6 goblins
  12 hobgoblins
  4 jackals
  4 kobolds
  2 quokkas
  8 ball pythons
  2 frilled lizards (D:1)
  2 rats
67 creatures vanquished.

Vanquished Creatures (collateral kills)
  3 adders
  4 gnolls
  A dart slug (D:1)
  2 ball pythons
  A bat (D:1)
  An endoplasm (D:1)
  A giant cockroach (D:1)
  A goblin (D:1)
  A hobgoblin (D:2)
  A kobold (D:2)
  2 rats (D:1)
18 creatures vanquished.

Vanquished Creatures (others)
  A giant cockroach (D:1)
1 creature vanquished.

Grand Total: 86 creatures vanquished

Notes
Turn   | Place    | Note
-------+----------+-------------------------------------------
     0 | D:1      | Ignak the Gnoll Hedge Wizard began the quest for the Orb.
     0 | D:1      | Reached XP level 1. HP: 13/13 MP: 8/8
   113 | D:1      | Reached XP level 2. HP: 7/19 MP: 3/10
   121 | D:1      | Learned a level 2 spell: Blink
   124 | D:1      | Learned a level 2 spell: Call Imp
   479 | D:1      | Gained mutation: You passively map a small area around you.
                  | [potion of mutation]
   479 | D:1      | Gained mutation: You occasionally shout uncontrollably at
                  | your foes. [potion of mutation]
   479 | D:1      | Gained mutation: Your spells are a little harder to cast,
                  | but a little more powerful. [potion of mutation]
   479 | D:1      | Gained mutation: You have supernaturally acute eyesight.
                  | (SInv) [potion of mutation]
   485 | D:1      | Reached XP level 3. HP: 6/25 MP: 7/11
   485 | D:1      | Lost mutation: Your spells are a little harder to cast, but
                  | a little more powerful. [potion of mutation]
   485 | D:1      | Lost mutation: You passively map a small area around you.
                  | [potion of mutation]
   485 | D:1      | Gained mutation: Your mind is acute. (Int +4, Str/Dex -1)
                  | [potion of mutation]
   485 | D:1      | Gained mutation: You have a pair of small horns on your
                  | head. [potion of mutation]
   485 | D:1      | Gained mutation: You possess an exceptional clarity of
                  | mind. [potion of mutation]
   485 | D:1      | Gained mutation: You are strong-willed. (Will+) [potion of
                  | mutation]
   745 | D:1      | Learned a level 1 spell: Sting
   748 | D:1      | Reached skill level 1 in Invocations
   764 | D:1      | Reached skill level 1 in Fighting
   764 | D:1      | Reached skill level 1 in Short Blades
   764 | D:1      | Reached skill level 1 in Long Blades
   764 | D:1      | Reached skill level 1 in Axes
   764 | D:1      | Reached skill level 1 in Maces & Flails
   764 | D:1      | Reached skill level 1 in Polearms
   764 | D:1      | Reached skill level 1 in Staves
   764 | D:1      | Reached skill level 1 in Ranged Weapons
   764 | D:1      | Reached skill level 1 in Throwing
   764 | D:1      | Reached skill level 1 in Armour
   764 | D:1      | Reached skill level 1 in Shields
   764 | D:1      | Reached skill level 1 in Unarmed Combat
   764 | D:1      | Reached skill level 1 in Evocations
   890 | D:2      | Reached skill level 1 in Shapeshifting
   890 | D:2      | Reached XP level 4. HP: 9/32 MP: 2/13
  1058 | D:2      | Noticed Jessica
  1098 | D:1      | Learned a level 3 spell: Mephitic Cloud
  1138 | D:1      | Reached skill level 1 in Hexes
  1138 | D:1      | Reached skill level 1 in Necromancy
  1138 | D:1      | Reached skill level 1 in Fire Magic
  1138 | D:1      | Reached skill level 1 in Ice Magic
  1138 | D:1      | Reached skill level 1 in Air Magic
  1138 | D:1      | Reached skill level 1 in Earth Magic
  1138 | D:1      | Reached skill level 1 in Alchemy
  1241 | D:2      | Killed Jessica
  1255 | D:2      | Reached XP level 5. HP: 24/37 MP: 2/14
  1469 | D:2      | Noticed Terence
  1521 | D:2      | Killed Terence
  1750 | D:2      | Found a radiant altar of Vehumet.
  2342 | D:3      | Reached XP level 6. HP: 28/44 MP: 13/16
  2823 | D:3      | Reached skill level 5 in Dodging
  2952 | D:3      | Found a burning altar of Makhleb.
  3081 | D:3      | Learned a level 4 spell: Summon Lightning Spire
  3086 | D:3      | Learned a level 4 spell: Airstrike
  3792 | D:4      | Found a sparkling altar of Nemelex Xobeh.
  4026 | D:4      | Noticed a hornet
  4062 | D:5      | Entered Level 5 of the Dungeon
  4227 | D:5      | Learned a level 2 spell: Searing Ray
  4233 | D:4      | Paralysed by a hornet for 2 turns
  4236 | D:4      | HP: 2/66 [poisoned by a hornet]
  4236 | D:4      | Slain by a hornet

Illustrated notes

Levels and vault maps discovered:
D:1:      tarquinn_simple_flora_water_c, layout_rooms
D:2:      minmay_evil_eye, layout_loops_ring, basic_altar, grunt_ministairs_7,
          uniq_terence, uniq_jessica
D:3:      layout_basic, mainiacjoe_overflow_tiny_flanked
D:4:      layout_basic, amcnicky_altar_gilded, uniq_sigmund
D:5:      layout_layer_cave, uniq_prince_ribbit1

Skill      XL: |  1  2  3  4  5  6 |
---------------+-------------------+-----
Conjurations   | 2 |  2.7
Summonings     | 2 |  2.7
Translocations | 2 |  2.7
Invocations    | 1 2 |  2.3
Fighting       | 1 2 |  2.1
Short Blades   | 1 2 |  2.1
Long Blades    | 1 2 |  2.1
Axes           | 1 2 |  2.1
Maces & Flails | 1 2 |  2.1
Polearms       | 1 2 |  2.1
Staves         | 1 2 |  2.1
Ranged Weapons | 1 2 |  2.1
Throwing       | 1 2 |  2.1
Armour         | 1 2 |  2.1
Shields        | 1 2 |  2.1
Unarmed Combat | 1 2 |  2.1
Evocations     | 1 2 |  2.1
Shapeshifting  | 1 |  1.9
Hexes          | 1 |  1.6
Necromancy     | 1 |  1.6
Fire Magic     | 1 |  1.6
Ice Magic      | 1 |  1.6
Air Magic      | 1 |  1.6
Earth Magic    | 1 |  1.6
Alchemy        | 1 |  1.6
Dodging        | 5 |  5.0
Stealth        | |  4.7
Spellcasting   | |  7.4

Action                     |  1- 3 |  4- 6 || total
---------------------------+-------+-------++-------
  Melee: Dagger            |    83 |   100 ||   183
         Bite              |     5 |    15 ||    20
         Headbutt          |     3 |    32 ||    35
         Punch             |       |     3 ||     3
         Whip              |       |   106 ||   106
  Throw: Dart              |       |     2 ||     2
   Cast: Magic Dart        |     9 |       ||     9
         Call Imp          |    10 |    20 ||    30
         Sting             |     8 |    13 ||    21
         Blink             |     3 |     3 ||     6
         Mephitic Cloud    |       |    12 ||    12
         Summon Lightning  |       |     2 ||     2
    Use: Potion            |     2 |     4 ||     6
         Scroll            |       |     3 ||     3
   Stab: Confused          |       |     1 ||     1
         Distracted        |       |     2 ||     2
         Sleeping          |       |     2 ||     2
 Armour: Robe              |    56 |   148 ||   204
         Ring mail         |       |     9 ||     9
         Skin              |       |     2 ||     2
  Dodge: Dodged            |    72 |   176 ||   248

Table legend: (Time is in decaauts)
 A = Elapsed time spent in this place.
 B = Non-inter-level travel time spent in this place.
 C = Inter-level travel time spent in this place.
 D = Time resting spent in this place.
 E = Time spent auto-exploring this place.
 F = Levels seen in this place.
 G = Mean time per level.
                   A        B        C        D        E       F      G
               +--------+--------+--------+--------+--------+-----+--------+
         Total |   4239 |   4141 |     98 |    739 |   1945 |   5 |  847.8 |
       Dungeon |   4239 |   4141 |     98 |    739 |   1945 |   5 |  847.8 |
               +--------+--------+--------+--------+--------+-----+--------+

Top non-repeatable levels by time:
     D:2: 1353 daAuts
     D:1: 1078 daAuts
     D:3: 1029 daAuts
     D:4: 609 daAuts
     D:5: 167 daAuts
